 Dungeon Crawl Stone Soup version 0.30.0-29-ga12c61a403 (webtiles) character file.

Game seed: 14690033393208637226

392 Elmgren the Trooper (level 6, -2/58 HPs)
             Began as a Minotaur Fighter on June 20, 2023.
             Was an Initiate of Okawaru.
             Slain by an unseen horror (9 damage)
             ... on level 5 of the Dungeon.
             The game lasted 00:11:30 (4257 turns).

Elmgren the Trooper (Minotaur Fighter)              Turns: 4257, Time: 00:11:30

Health: -2/58      AC:  7    Str: 22    XL:     6   Next: 50%
Magic:  5/5        EV: 10    Int:  5    God:    Okawaru [......]
Gold:   193        SH:  4    Dex: 10    Spells: 5/5 levels left

rFire   . . .        a - +1 war axe (heavy)
rCold   . . .        c - +0 buckler
rNeg    . . .        h - +1 ring mail "Xaagatz" {Will+ Slay+3}
rPois   +            (helmet restricted)
rElec   .            (no cloak)
rCorr   .            (no gloves)
SInv    .            i - +0 pair of boots
Will    +....        (no amulet) Stlth
                     v - ring of poison resistance {rP+}
HPRegen 0.29/turn    (no ring)
MPRegen 0.09/turn

%: no passive effects
@: no status effects
A: horns 2, retaliatory headbutt
a: Renounce Religion


You were on level 5 of the Dungeon.
You worshipped Okawaru.
Okawaru was noncommittal.
You visited 2 branches of the dungeon, and saw 7 of its levels.

You collected 193 gold pieces.

Inventory:

Hand Weapons
 a - a +1 heavy war axe (weapon)
 w - a +1 scimitar
   (You took it off a wight on level 6 of the Dungeon)
Missiles
 r - a throwing net {=f, !d}
Armour
 c - a +0 buckler (worn)
 h - the +1 ring mail "Xaagatz" (worn) {Will+ Slay+3}
   (You found it on level 2 of the Dungeon)

   Slay:      It affects your accuracy & damage with ranged weapons and melee
   (+3).
   Will:      It increases your willpower.
 i - a +0 pair of boots (worn)
   (You found it on level 3 of the Dungeon)
Jewellery
 v - a ring of poison resistance (left hand) {rP+}
   (You found it on level 4 of the Dungeon)
Wands
 n - a wand of mindburst (7)
   (You found it on level 3 of the Dungeon)
 q - a wand of roots (6)
   (You found it on level 3 of the Dungeon)
Scrolls
 j - 2 scrolls of identify {@r1}
 t - a scroll of amnesia {unknown}
 u - a scroll of magic mapping {!r}
 x - a scroll of poison
Potions
 b - 4 potions of mutation {unknown}
 d - 4 potions of might
 e - 3 potions of invisibility
 f - 3 potions of heal wounds {unknown}
 g - 3 potions of lignification {unknown}
 l - 2 potions of brilliance {unknown}
 m - a potion of resistance {unknown}
 o - a potion of berserk rage {unknown}
 p - a potion of curing {unknown}
 s - a potion of degeneration {unknown}


   Skills:
 + Level 6.8 Fighting
 + Level 2.4(4.3) Axes
 - Level 5.5(5.8) Maces & Flails
 - Level 3.6 Armour
 - Level 3.6 Shields


You had 5 spell levels left.
You didn't know any spells.
Your spell library contained the following spells:

 Spells                   Type           Power      Damage    Failure   Level
 Scorch                   Fire           0%         2d5       83%         2
 Dazzling Flash           Conj/Hex       0%         N/A       97%         3
 Spider Form              Tmut/Pois      0%         N/A       97%         3
 Flame Wave               Conj/Fire      0%         2d4       100%        4
 Agony                    Necr           0%         N/A       100%        5
 Silence                  Hex/Air        0%         N/A       100%        5
 Summon Mana Viper        Hex/Summ       Unusable   N/A       N/A         5
 Summon Cactus Giant      Summ           Unusable   N/A       N/A         6
 Haunt                    Necr/Summ      Unusable   N/A       N/A         7

Dungeon Overview and Level Annotations

Branches:
Dungeon (6/15)             Temple (1/1) D:4

Altars:
Ashenzari
Cheibriados
Dithmenos
Fedhas
Kikubaaqudgha
Makhleb
Nemelex Xobeh
Okawaru
Qazlal
Ru
Sif Muna
Trog
Uskayaw
Xom
Yredelemnul
Ignis


Innate Abilities, Weirdness & Mutations

You have a pair of horns on your head.
You reflexively headbutt those who attack you in melee.


Message History

You climb upwards.
The howler monkey howls!
There is a stone staircase leading down here.
A howler monkey is nearby!
You slice the howler monkey!!
You kill the howler monkey!
Okawaru accepts your kill.
Your Maces & Flails skill increases to level 5!
You have reached level 6!
You regained 7 hp, and now have 51/58 hp.
MP restored: 5 You start resting.
Health restored: 58
w - a +1 scimitar (weapon)
a - a +1 heavy war axe (weapon)
No target in view!
Found a stone staircase leading up.
No target in view!
x - a scroll of poison No target in view!
You see here 4 stones.
You see here 4 stones.
You now have 183 gold pieces (gained 14).
An iguana comes into view.
The iguana hisses angrily.
The iguana moves out of view.
No target in view!
An ice beast comes into view.
You slash the iguana! Your headbutt misses the iguana.
The iguana closely misses you. You furiously retaliate!
You headbutt the iguana.
You kill the iguana!
Okawaru accepts your kill. The ice beast hits you. The ice beast freezes you!
You see here an iguana corpse.
You take 14 damage, and have 44/58 hp.
MASSIVE DAMAGE!!
You barely miss the ice beast. You headbutt the ice beast.
The ice beast barely misses you. You block the ice beast's attack.
You barely miss the ice beast.
The ice beast hits you but does no damage.
The ice beast closely misses you.
You slice the ice beast!!
You kill the ice beast!
Okawaru accepts your kill.
You start resting.
Health restored: 58 No target in view!
You see here an iguana corpse.
Something hits you but does no damage.
Deactivating autopickup; reactivate with Ctrl-A.
Autopickup is now on.
No target in view!
You now have 193 gold pieces (gained 10).
There is a strange disturbance nearby!
No target in view!
There is a strange disturbance nearby!
Something hits you but does no damage.
Deactivating autopickup; reactivate with Ctrl-A.
You hit something but do no damage. Something hits you but does no damage.
Something hits you!
You take 8 damage, and have 50/58 hp.
You start resting.
Something hits you. x2
You take 8 damage, and have 42/58 hp.
You closely miss something. Your headbutt misses something. Something hits you.
Something completely misses you.
You take 6 damage, and have 36/58 hp.
You slash something! Something hits you. x2
You take 4 damage, and have 32/58 hp.
You swing at nothing.
Something hits you. x2
You take 10 damage, and have 22/58 hp.
You closely miss something. Something hits you. x2
* * * LOW HITPOINT WARNING * * *
Something hits you but does no damage.
You take 6 damage, and have 17/58 hp.
You swing at nothing.
Something hits you but does no damage.
You swing at nothing.
Something hits you.
* * * LOW HITPOINT WARNING * * *
Something hits you but does no damage.
You take 4 damage, and have 14/58 hp.
You hit something but do no damage. You headbutt something.
Something hits you but does no damage. x2
You slice something!! Something hits you but does no damage.
You closely miss something. You headbutt something. Something hits you.
* * * LOW HITPOINT WARNING * * *
Something hits you.
* * * LOW HITPOINT WARNING * * *
Something completely misses you.
You take 3 damage, and have 13/58 hp.
You block something's attack. Something hits you but does no damage.
You swing at nothing.
Something hits you!
* * * LOW HITPOINT WARNING * * *
You take 6 damage, and have 8/58 hp.
You can't see any enemies this would affect, really read the scroll of fear?
As you read the scroll of fear, it crumbles to dust.
You assume a fearsome visage.
Nothing appears to happen.
Something hits you.
* * * LOW HITPOINT WARNING * * *
You take 2 damage, and have 6/58 hp.
Something hits you!
You die...

#####†##### ..
..........## ..
####.......## .
#........###.#
#........#.#.#
#........#...#
#..........#
#.####.###.##########
#. #......{@.......
#. ####[.##########
....## ###.## #. #.
#. ..


There were no monsters in sight!

Vanquished Creatures
  An ice beast (D:5)
  A scorpion (D:4)
  A wight (D:6)
  A howler monkey (D:5)
  An iguana (D:5)
  Robin (D:4)
  4 adders (D:2 D:3 D:4)
  A worm (D:3)
  7 ball pythons (D:1 D:2 D:3)
  10 bats (D:1 D:2 D:3)
  5 endoplasms (D:1 D:2)
  A giant cockroach (D:1)
  11 hobgoblins (D:1 D:2 D:3 D:4)
  7 jackals (D:1)
  3 kobolds (D:1 D:2)
  2 quokkas (D:1 D:3)
  4 frilled lizards (D:1 D:2 D:3)
  14 goblins (D:1 D:4)
  4 rats (D:1 D:2 D:3)
79 creatures vanquished.

Notes
Turn   | Place    | Note
-------+----------+-------------------------------------------
     0 | D:1      | Elmgren the Minotaur Fighter began the quest for the Orb.
     0 | D:1      | Reached XP level 1. HP: 19/19 MP: 0/0
    93 | D:1      | Reached skill level 1 in Maces & Flails
   130 | D:1      | Reached skill level 4 in Fighting
   159 | D:1      | Reached XP level 2. HP: 27/27 MP: 1/1
   730 | D:1      | Reached skill level 2 in Maces & Flails
   746 | D:1      | Reached XP level 3. HP: 19/34 MP: 2/2
  1678 | D:2      | Identified the +1 ring mail "Xaagatz" {Will+ Slay+3}
  2261 | D:3      | Found a blossoming altar of Fedhas.
  2377 | D:3      | Reached skill level 3 in Maces & Flails
  2550 | D:3      | Got the Encyclopedia of Invitation and the Coward
  2693 | D:3      | Reached XP level 4. HP: 37/41 MP: 3/3
  2811 | D:3      | Reached skill level 5 in Fighting
  3529 | D:4      | Noticed a scorpion
  3533 | D:4      | Killed a scorpion
  3534 | D:4      | Reached XP level 5. HP: 48/48 MP: 4/4
  3578 | D:4      | Noticed Robin
  3586 | D:4      | Reached skill level 4 in Maces & Flails
  3603 | D:4      | Killed Robin
  3752 | D:4      | Found a staircase to the Ecumenical Temple.
  3758 | Temple   | Entered the Ecumenical Temple
  3818 | Temple   | Became a worshipper of Warmaster Okawaru
  3914 | D:4      | Found a sparkling altar of Nemelex Xobeh.
  3916 | D:4      | Found a hide-covered altar of Uskayaw.
  3918 | D:4      | You fall into a shaft and drop 2 floors!
  4055 | D:6      | Reached skill level 6 in Fighting
  4064 | D:5      | Entered Level 5 of the Dungeon
  4066 | D:5      | Reached skill level 5 in Maces & Flails
  4066 | D:5      | Reached XP level 6. HP: 51/58 MP: 5/5
  4157 | D:5      | Noticed an ice beast
  4164 | D:5      | Killed an ice beast
  4239 | D:5      | HP: 27/58 [something (6)]
  4245 | D:5      | HP: 14/58 [something (4)]
  4254 | D:5      | HP: 8/58 [something (7)]
  4257 | D:5      | Slain by an unseen horror

Illustrated notes

Levels and vault maps discovered:
D:1:      saegor_arrival_fortress, layout_loops_ring, hex_medium,
          minmay_strange_pillars
D:2:      cheibrodos_old_hovel, layout_basic
D:3:      layout_basic, mainiacjoe_overflow_brackets
D:4:      layout_loops_ring, nicolae_overflow_hidden_temple,
          minmay_temple_entry_overgrown, hangedman_decor_slide_cut, uniq_robin
D:5:      layout_basic, nzn_wu_jian_council_hall, serial_shops,
          nicolae_shop_hallway_plus
D:6:      layout_basic, vehumet_statue, serial_shops,
          nicolae_shop_tiny_waterfront, hangedman_decor_peaks_small
Temple:   pdpol_scorched_temple

Skill      XL: |  1  2  3  4  5 |
---------------+----------------+-----
Maces & Flails | 1 2 3 5 |  5.5
Fighting       | 4 5 6 |  6.8
Axes           | |  2.4
Armour         | |  3.6
Shields        | |  3.6

Action                     |  1- 3 |  4- 6 || total
---------------------------+-------+-------++-------
  Melee: War axe           |   110 |    51 ||   161
         Headbutt          |    13 |     6 ||    19
    Use: Scroll            |     9 |     2 ||    11
 Armour: Scale mail        |    41 |       ||    41
         Ring mail         |    25 |    39 ||    64
  Dodge: Dodged            |    61 |    42 ||   103
  Block: Buckler           |    24 |    15 ||    39

Levels and vault maps discovered:
D:1:      saegor_arrival_fortress, layout_loops_ring, hex_medium,
          minmay_strange_pillars
D:2:      cheibrodos_old_hovel, layout_basic
D:3:      layout_basic, mainiacjoe_overflow_brackets
D:4:      layout_loops_ring, nicolae_overflow_hidden_temple,
          minmay_temple_entry_overgrown, hangedman_decor_slide_cut, uniq_robin
D:5:      layout_basic, nzn_wu_jian_council_hall, serial_shops,
          nicolae_shop_hallway_plus
D:6:      layout_basic, vehumet_statue, serial_shops,
          nicolae_shop_tiny_waterfront, hangedman_decor_peaks_small
Temple:   pdpol_scorched_temple

Table legend: (Time is in decaauts)
 A = Elapsed time spent in this place.
 B = Non-inter-level travel time spent in this place.
 C = Inter-level travel time spent in this place.
 D = Time resting spent in this place.
 E = Time spent auto-exploring this place.
 F = Levels seen in this place.
 G = Mean time per level.
                   A        B        C        D        E       F      G
               +--------+--------+--------+--------+--------+-----+--------+
         Total |   4382 |   4275 |    107 |   1010 |   2592 |   7 |  626.0 |
       Dungeon |   4312 |   4235 |     77 |   1010 |   2559 |   6 |  718.7 |
        Temple |     70 |     40 |     30 |      0 |     33 |   1 |   70.0 |
               +--------+--------+--------+--------+--------+-----+--------+

Top non-repeatable levels by time:
     D:1: 1665 daAuts
     D:3: 1326 daAuts
     D:2: 622 daAuts
     D:4: 340 daAuts
     D:5: 207 daAuts
     D:6: 149 daAuts
  Temple: 70 daAuts

Table legend:
 A = Kills in this place as a percentage of kills in the entire game.
 B = Kills by you in this place as a percentage of kills by you in the entire game.
 C = Kills by friends in this place as a percentage of kills by friends in the entire game.
 D = Other kills in this place as a percentage of other kills in the entire game.
 E = Experience gained in this place as a percentage of experience gained in the entire game.
 F = Experience gained in this place divided by the number of levels of this place that you have seen.
                   A       B       C       D       E      F
               +-------+-------+-------+-------+-------+----------------------
         Total | 100.0 | 100.0 |   N/A |   N/A | 100.0 |  80.0
       Dungeon | 100.0 | 100.0 |   N/A |   N/A | 100.0 |  93.3
               +-------+-------+-------+-------+-------+----------------------
